 Dungeon Crawl Stone Soup version 0.24.0-123-gd5b16e6ec5 (webtiles) character file.

Game seed: 16926830989633892079, levelgen mode: deterministic

154 FishyPogo the Skirmisher (level 5, 0/42 HPs)
             Began as a Demonspawn Chaos Knight on Jan 27, 2020.
             Was a Plaything of Xom.
             Slain by Grinder (2 damage)
             ... while paralysed by Grinder
             ... on level 3 of the Dungeon.
             The game lasted 00:04:11 (1515 turns).

FishyPogo the Skirmisher (Demonspawn Chaos Knight)  Turns: 1515, Time: 00:04:12

Health: 0/42       AC:  9    Str: 18    XL:     5   Next: 13%
Magic:  5/5        EV:  2    Int: 13    God:    Xom [...*..]
Gold:   67         SH:  0    Dex: 17    Spells: 4/4 levels left

rFire    . . .     SeeInvis .   a - +0 short sword (chaos)
rCold    . . .     Gourm    .   (no shield)
rNeg     . . .     Faith    .   b - +2 leather armour
rPois    .         Spirit   .   (no helmet)
rElec    .         Reflect  .   (no cloak)
rCorr    .         Harm     .   (no gloves)
MR       .....                  (no boots)
Stlth    +++.......             (no amulet)
HPRegen  0.14/turn              d - +4 ring of protection
MPRegen  0.09/turn              h - ring of stealth

@: paralysed, mighty, flying
A: thin skeletal structure 2
a: Renounce Religion


You were on level 3 of the Dungeon.
You worshipped Xom.
You were a favourite toy of Xom.
You were not hungry.

You visited 1 branch of the dungeon, and saw 3 of its levels.

You collected 67 gold pieces.

Inventory:

Hand Weapons
 a - a +0 short sword of chaos (weapon)
Missiles
 e - 30 stones (quivered)
 k - 12 poisoned darts
Armour
 b - a +2 leather armour (worn)
Jewellery
 d - a +4 ring of protection (left hand)
 h - a ring of stealth (right hand)
Wands
 l - a wand of digging (4)
Scrolls
 j - a scroll of fear {unknown}
 m - a scroll of enchant armour {unknown}
Potions
 g - a potion of flight
 i - 2 potions of curing {unknown}
Comestibles
 c - 3 rations


   Skills:
 + Level 3.9 Fighting
 - Level 3.0 Short Blades
 * Level 3.5 Armour
 - Level 2.1 Dodging


You had 4 spell levels left.
You didn't know any spells.
Your spell library was empty.

Dungeon Overview and Level Annotations

Branches:
Dungeon (3/15)

Altars:
Elyvilon
Kikubaaqudgha
Yredelemnul
Zin
The Shining One

Annotations:
D:3 Grinder


Innate Abilities, Weirdness & Mutations

You have a moderately thin skeletal structure. (Dex +4, Stealth+)


Message History

The bat closely misses you. Grinder barely misses you.
You barely miss Grinder.
Grinder is moderately wounded.
The bat misses you. Grinder hits you.
You writhe in agony.
You closely miss Grinder.
Grinder is moderately wounded.
The bat hits you. Grinder hits you!
* * * LOW HITPOINT WARNING * * *
You writhe in agony.
* * * LOW HITPOINT WARNING * * *
It was a potion of flight.
You feel very buoyant.
You fly up into the air.
Xom roars with laughter!
The bat hits you but does no damage. Grinder gestures at you.
You suddenly lose the ability to move!
The bat hits you but does no damage. Grinder hits you.
You die...
Xom cackles wildly!

.# ## .### . ...
.$# (....##.#
######
......#.####..!..#
....>.......5....#
.....##....@.....#
.................#
.....##<...b.w...#
... #..........# .
#...>......#
######.....#
.....# ######


You could see Grinder, a worm and a bat.

Vanquished Creatures
  A centaur (D:2)
  2 adders (D:2)
  An ooze (D:2)
  A dart slug (D:3)
  2 leopard geckos (D:1)
  A ball python (D:1)
  11 bats
  2 giant cockroaches (D:2)
  2 goblins
  11 hobgoblins
  3 kobolds
  6 frilled lizards
  8 rats
51 creatures vanquished.

Notes
Turn   | Place    | Note
-------+----------+-------------------------------------------
     0 | D:1      | FishyPogo the Demonspawn Chaos Knight began the quest for
                  | the Orb.
     0 | D:1      | Reached XP level 1. HP: 18/18 MP: 1/1
    34 | D:1      | Reached skill level 1 in Dodging
   188 | D:1      | Gained mutation: You have a somewhat thin skeletal
                  | structure. (Dex +2, Stealth) [demonic ancestry]
   188 | D:1      | Reached XP level 2. HP: 17/24 MP: 2/2
   249 | D:1      | XOM: potion effect (brilliance)
   353 | D:1      | XOM: noise
   395 | D:1      | XOM: noise
   847 | D:2      | Reached XP level 3. HP: 29/29 MP: 3/3
   872 | D:2      | Found a white marble altar of Elyvilon.
   873 | D:2      | Found a glowing silver altar of Zin.
   873 | D:2      | Found a glowing golden altar of the Shining One.
   945 | D:2      | Found a basalt altar of Yredelemnul.
   995 | D:2      | Noticed a centaur
  1008 | D:2      | Killed a centaur
  1008 | D:2      | Gained mutation: You have a moderately thin skeletal
                  | structure. (Dex +4, Stealth+) [demonic ancestry]
  1008 | D:2      | Reached XP level 4. HP: 36/37 MP: 4/4
  1269 | D:2      | Reached XP level 5. HP: 42/42 MP: 5/5
  1272 | D:2      | Found an ancient bone altar of Kikubaaqudgha.
  1487 | D:3      | Noticed Grinder
  1490 | D:3      | Paralysed by Grinder for 6 turns
  1491 | D:3      | XOM: potion effect (might)
  1493 | D:3      | XOM: cast spell 'Olgreb's Toxic Radiance'
  1503 | D:3      | XOM: polymorph Grinder -> Grinder
  1505 | D:3      | Paralysed by Grinder for 3 turns
  1513 | D:3      | HP: 1/42 [Grinder (5)]
  1514 | D:3      | Paralysed by Grinder for 3 turns
  1515 | D:3      | Slain by Grinder

Levels and vault maps discovered:
D:1:      beargit_arrival_greenhouse, layout_basic
D:2:      layout_loops_ring, good_gods_temple_1, lemuel_crystal_altar,
          kiku_gazebo_garden_becter
D:3:      layout_rooms, uniq_terence, uniq_grinder, uniq_crazy_yiuf_cottage

Skill      XL: |  1  2  3 |
---------------+----------+-----
Dodging        | 1 2 |  2.1
Armour         | 2 3 |  3.5
Short Blades   | 3 |  3.0
Fighting       | |  3.9

Action                   |  1- 3 |  4- 6 || total
-------------------------+-------+-------++-------
Melee: Short sword       |   103 |    44 ||   147
  Use: Potion            |       |     1 ||     1
 Stab: Petrifying        |     1 |       ||     1
       Sleeping          |     4 |     6 ||    10
       Paralysed         |     1 |       ||     1
  Eat: Chunk             |       |     2 ||     2
Armor: Leather armour    |    52 |    22 ||    74
Dodge: Dodged            |    63 |    29 ||    92
